AoeStats
← StuRat

Nomad

509931263Analyzed
3v3 RM · 3d ago on Sep 28, 2026· 77m 57s· 6 players
Game mode
Random Map
Map size
210×210
Population
200
Speed
Normal
Resources
Standard
Victory
Conquest
Starting age
Dark Age
Ending age
Imperial Age
RankedLock teamsTeams togetherTeam positionsShared explorationLock speedFull tech treeHidden civsTurbo modeCheats
Victory
Defeat
🇷🇺 Armenians · Russia
1119
+15
🇩🇪 Vietnamese · Germany
1076
+16
🇬🇧 Huns · United Kingdom
1054
+17
🇪🇸 Japanese · Spain
1123
-17
🇷🇴 Dravidians · Romania
1083
-16
🇪🇸 Varangians · Spain
1049
-15
dark_alex
5:08 Loom
13:15 Feudal Age
13:48 Double-Bit Axe
17:24 Gold Mining
20:52 Stone Mining
25:33 Castle Age
26:08 Crossbowman
27:18 Fletching
29:37 Bodkin Arrow
29:52 Fishing Lines
30:57 Padded Archer Armor
32:49 Ballistics
32:47 Bow Saw
35:19 Leather Archer Armor
35:34 Elite Skirmisher
38:10 Wheelbarrow
38:50 Gillnets
40:12 Scale Mail Armor
39:33 Pikeman
41:46 Squires
52:57 Imperial Age
54:45 Chemistry
54:44 Halberdier
57:04 Bracer
62:00 Ring Archer Armor
75:00 Conscription
FURIOUSPAKO
4:33 Loom
13:39 Feudal Age
14:26 Double-Bit Axe
16:13 Horse Collar
18:49 Castle Age
16:55 Stone Mining
22:44 Bow Saw
23:34 Forging
23:36 Scale Barding Armor
23:43 Fishing Lines
25:10 Bloodlines
26:28 Husbandry
28:52 Elite Skirmisher
30:42 Heavy Plow
33:35 Padded Archer Armor
34:00 Gold Mining
35:30 Fletching
35:56 Leather Archer Armor
39:15 Bodkin Arrow
39:56 Iron Casting
39:45 Chain Barding Armor
44:17 Imperial Age
44:02 Ballistics
44:27 Gothikon
44:49 Elite Jarl
48:10 Conscription
50:12 Blast Furnace
49:48 Plate Barding Armor
55:06 Elite Varangian Guard
55:47 Squires
55:32 Arson
55:33 Gambesons
57:24 Scale Mail Armor
62:42 Chain Mail Armor
63:35 Town Watch
64:26 Wheelbarrow
70:39 Ring Archer Armor
70:10 Bracer
75:21 Chemistry
Robermad
4:52 Loom
13:22 Feudal Age
20:01 Wheelbarrow
22:08 Castle Age
20:49 Fletching
22:24 Padded Archer Armor
22:46 Crossbowman
23:32 Thumb Ring
24:05 Bodkin Arrow
24:06 Horse Collar
27:41 Leather Archer Armor
30:12 Heavy Plow
33:17 Ballistics
35:00 Double-Bit Axe
39:52 Imperial Age
38:48 Scale Barding Armor
38:54 Forging
40:18 Chain Barding Armor
39:53 Arbalester
40:09 Light Cavalry
43:58 Bloodlines
43:48 Husbandry
53:46 Heavy Scorpion
67:11 Elite Skirmisher
73:54 Pikeman
74:34 Squires
74:37 Halberdier
76:03 Scale Mail Armor
76:03 Bracer
76:39 Iron Casting
76:35 Ring Archer Armor
78:02 Chain Mail Armor
theotherside
4:52 Loom
12:29 Feudal Age
12:57 Double-Bit Axe
20:34 Castle Age
18:29 Gold Mining
21:28 Horse Collar
21:40 Crossbowman
24:08 Fletching
26:03 Bow Saw
27:43 Ballistics
27:41 Bodkin Arrow
31:28 Wheelbarrow
31:01 Padded Archer Armor
36:26 Leather Archer Armor
36:52 Hand Cart
37:08 Heavy Plow
37:36 Stone Mining
38:33 Thumb Ring
41:37 Chatras
41:41 Husbandry
41:51 Bloodlines
42:12 Scale Barding Armor
44:20 Town Watch
45:32 Forging
47:05 Chain Barding Armor
52:22 Imperial Age
53:05 Iron Casting
53:59 Paper Money
55:06 Arbalester
55:53 Bracer
56:57 Chemistry
61:30 Ring Archer Armor
71:45 Elite Skirmisher
74:43 Imperial Skirmisher
StuRat
10:31 Loom
15:37 Feudal Age
17:48 Scale Barding Armor
19:36 Fletching
22:44 Forging
28:15 Horse Collar
28:30 Gold Mining
31:59 Castle Age
30:03 Padded Archer Armor
30:18 Double-Bit Axe
31:41 Bloodlines
32:35 Bodkin Arrow
32:50 Thumb Ring
33:52 Gold Shaft Mining
33:45 Bow Saw
35:07 Wheelbarrow
36:51 Ballistics
41:50 Imperial Age
39:09 Elite Skirmisher
40:35 Leather Archer Armor
41:14 Chain Barding Armor
41:14 Husbandry
42:34 Light Cavalry
43:37 Bracer
45:37 Plate Barding Armor
47:53 Stone Mining
52:18 Conscription
52:39 Heavy Cavalry Archer
55:37 Chemistry
56:35 Parthian Tactics
58:11 Hussar
59:31 Iron Casting
69:02 Elite Tarkan
rudalex2006
5:37 Loom
13:49 Feudal Age
14:19 Man-at-Arms
15:32 Long Swordsman
17:26 Town Watch
19:39 Arson
22:01 Scale Mail Armor
24:43 Castle Age
23:21 Forging
23:36 Double-Bit Axe
24:10 Gold Mining
26:05 Wheelbarrow
25:20 Gambesons
25:36 Squires
27:01 Chain Mail Armor
29:19 Horse Collar
30:27 Heavy Plow
39:18 Ballistics
39:50 Padded Archer Armor
43:50 Leather Archer Armor
47:00 Leather Archer Armor
48:27 Two-Handed Swordsman
51:31 Bow Saw
54:07 Iron Casting
54:58 Champion
60:30 Imperial Age
62:37 Fletching
64:13 Hand Cart
65:19 Elite Composite Bowman
66:55 Fereters
69:18 Ring Archer Armor
68:44 Bodkin Arrow
71:43 Plate Mail Armor
72:14 Blast Furnace
76:34 Conscription
Connection lost

Rejoining the realm…

Still unreachable

The connection could not be restored.

Session expired

The server has moved on; the page needs a fresh start.